 Dungeon Sprint DCSS version 0.29-a0-323-g050149af67 (webtiles) character file.

Game seed: 17408747146208754087

21055786 123456 the Conqueror (level 20, 237/237 HPs)
             Began as a Minotaur Fighter on Feb 20, 2022.
             Was the Champion of Okawaru.
             Escaped with the Orb
             ... and 8 runes on Apr 11, 2022!
             The game lasted 00:38:43 (19680 turns).

123456 the Conqueror (Minotaur Fighter)            Turns: 19680, Time: 00:38:45

Health: 237/237    AC: 50    Str: 29    XL:     20   Next: 83%
Magic:  36/36      EV: 28    Int:  5    God:    Okawaru [******]
Gold:   990        SH:  0    Dex: 28    Spells: 26/26 levels left

rFire   . . .      SeeInvis .   n - +9 dire flail (vorpal)
rCold   + + +      Faith    .   (shield currently unavailable)
rNeg    + . .      Spirit   .   G - +4 crystal plate armour of Tartarus {Slay+5 Stlth+}
rPois   +          Reflect  .   r - +1 hat of Follow the Leader {Rampage}
rElec   .          Harm     .   p - +2 cloak {Stlth+}
rCorr   +          Rampage  +   z - +2 pair of gloves {hurl}
Will    ++++.      NoTele   +   K - +2 pair of boots of Articulation {Dex+3}
Stlth   ++........              L - amulet of regeneration
HPRegen 1.29/turn               Y - ring "Iprumiz" {rC+++ rN+ rCorr Str+2 Dex+4}
MPRegen 0.25/turn               a - ring of the Leaping Coward {rPois Will++ Str+3 Dex+3}

@: no status effects
A: horns 2, retaliatory headbutt, iridescent scales 1, thin skeletal structure
1, strong-willed 1, robust 1, MP-powered wands
0: Orb of Zot
}: 8/17 runes: decaying, serpentine, barnacled, slimy, elven, silver, golden,
gossamer
a: Renounce Religion, Heroism, Finesse


You escaped.
You worshipped Okawaru.
Okawaru was exalted by your worship.
You visited 1 branch You collected 1964 gold pieces.
You spent 974 gold pieces at shops.

Inventory:

Hand Weapons
 n - a +9 vorpal dire flail (weapon)
Missiles
 t - 6 atropa-tipped darts (quivered)
 y - 10 boomerangs
 B - 6 poisoned darts
 C - 2 silver boomerangs
 T - a silver javelin
 U - 6 javelins
Armour
 o - a +2 cloak of willpower
 p - a +2 cloak of stealth (worn)
 r - the +1 hat of Follow the Leader (worn) {Rampage}
   (Okawaru gifted it to you in the Dungeon)

   Rampage:   It bestows one free step when moving towards enemies.
 z - a +2 pair of gloves of hurling (worn)
 G - the +4 crystal plate armour of Tartarus (worn) {Slay+5 Stlth+}
   (Okawaru gifted it to you in the Dungeon)

   Slay:      It affects your accuracy & damage with ranged weapons and melee
   (+5).
   Stlth:     It makes you more stealthy.
 K - the +2 pair of boots of Articulation (worn) {Dex+3}
   (Okawaru gifted it to you in the Dungeon)

   Dex:       It affects your dexterity (+3).
 M - the +3 crystal plate armour of Prudence {Str+4}
   (Okawaru gifted it to you in the Dungeon)

   Str:       It affects your strength (+4).
Jewellery
 a - the ring of the Leaping Coward (right hand) {rPois Will++ Str+3 Dex+3}
   (You found it in the Dungeon)

   [ring of strength]

   Str:       It affects your strength (+3).
   Dex:       It affects your dexterity (+3).
   rPois:     It protects you from poison.
   Will:      It greatly increases your willpower.
 b - the ring of Archoazo {Fire Fly Str-2 Dex+2 SInv Stlth+}
   (You found it in the Dungeon)

   [ring of fire]

   It enhances your fire magic.
   Str:       It affects your strength (-2).
   Dex:       It affects your dexterity (+2).
   rF:        It protects you from fire.
   rC:        It makes you vulnerable to cold.
   SInv:      It lets you see invisible.
   Fly:       It grants you flight.
   Stlth:     It makes you more stealthy.
 c - the ring "Douwkiu" {rC+ Will- Dex+4 SInv}
   (You found it in the Dungeon)

   [ring of protection from cold]

   Dex:       It affects your dexterity (+4).
   rC:        It protects you from cold.
   SInv:      It lets you see invisible.
   Will:      It decreases your willpower.
 f - a +2 ring of slaying
 x - an amulet of reflection
 A - a ring of see invisible
 L - an amulet of regeneration (around neck)
 P - a +4 ring of protection
 Y - the ring "Iprumiz" (left hand) {rC+++ rN+ rCorr Str+2 Dex+4}
   (You found it in the Dungeon)

   [ring of resist corrosion]

   Str:       It affects your strength (+2).
   Dex:       It affects your dexterity (+4).
   rC:        It renders you almost immune to cold.
   rN:        It protects you from negative energy.
   rCorr:     It protects you from acid and corrosion.
 Z - the ring of Charity {rC++ Will+ rCorr Str+3 Dex-2}
   (You found it in the Dungeon)

   [ring of willpower]

   Str:       It affects your strength (+3).
   Dex:       It affects your dexterity (-2).
   rC:        It greatly protects you from cold.
   rCorr:     It protects you from acid and corrosion.
   Will:      It increases your willpower.
Wands
 m - a wand of acid (10)
 H - a wand of flame (6)
 J - a wand of mindburst (8)
Scrolls
 j - 2 scrolls of blinking
 l - 2 scrolls of amnesia
 q - 5 scrolls of enchant armour
 s - 5 scrolls of identify
 u - 2 scrolls of fog
 v - 2 scrolls of fear
 w - 5 scrolls of enchant weapon
Potions
 d - 2 potions of might
 e - 4 potions of curing
 g - 7 potions of haste
 h - 9 potions of magic
 i - 3 potions of berserk rage
 k - a potion of invisibility
 F - 3 potions of resistance
 Q - 2 potions of heal wounds
 R - a potion of brilliance
Miscellaneous
 X - a phantom mirror


   Skills:
 O Level 27 Fighting
 + Level 6.3(7.3) Short Blades
 + Level 6.1(7.6) Long Blades
 + Level 6.1(19.2) Axes
 O Level 27 Maces & Flails
 + Level 6.2(8.4) Polearms
 + Level 6.1(19.2) Staves
 + Level 5.7(20.2) Slings
 + Level 6.3 Bows
 + Level 6.3 Crossbows
 O Level 27 Throwing
 O Level 27 Armour
 O Level 27 Dodging
 O Level 27 Stealth
 + Level 8.0 Shields
 O Level 27 Unarmed Combat
 + Level 3.9 Spellcasting
 + Level 4.4 Conjurations
 + Level 3.9 Hexes
 + Level 4.3 Summonings
 + Level 4.3 Necromancy
 + Level 4.3 Translocations
 + Level 4.7 Transmutations
 + Level 4.3 Fire Magic
 + Level 4.3 Ice Magic
 + Level 4.3 Air Magic
 + Level 4.8 Earth Magic
 + Level 4.3 Poison Magic
 O Level 27 Invocations
 O Level 27 Evocations


You had 26 spell levels left.
You didn't know any spells.
Your spell library contained the following spells:

 Spells                   Type           Power      Damage    Failure   Level
 Magic Dart               Conj           20%        1d4       32%         1
 Passwall                 Tmut/Erth      4%         N/A       38%         2
 Ensorcelled Hibernation  Hex/Ice        10%        N/A       50%         2
 Mephitic Cloud           Conj/Pois/Air  5%         N/A       69%         3
 Swiftness                Air            5%         N/A       69%         3
 Call Imp                 Summ           Unusable   N/A       N/A         2

Dungeon Overview and Level Annotations

Branches:
Dungeon (1/1)

Altars:
Cheibriados
Dithmenos
Elyvilon
Fedhas
Gozag
Hepliaklqana
Kikubaaqudgha
Makhleb
Nemelex Xobeh
Okawaru
Qazlal
Ru
Sif Muna
Trog
Uskayaw
Vehumet
Wu Jian
Xom
Yredelemnul
Zin
The Shining One
Beogh
Jiyva
Lugonu

Shops:
D ([*[


Innate Abilities, Weirdness & Mutations

You have a pair of horns on your head.
You reflexively headbutt those who attack you in melee.
You are partially covered in iridescent scales. (AC +2)
You have a somewhat thin skeletal structure. (Dex +2, Stealth+)
You are strong-willed. (Will+)
You are robust. (+10% HP)
You expend magic power (3 MP) to strengthen your wands.


Message History

A bolt of lightning appears from out of thin air!
The bolt of lightning hits Qiqi!
Qiqi resists.
You see here the -3 buckler "Maqos" {rPois Str+3 Int+4}.
Unknown command.
You are too injured to fight recklessly!
Throw: 5 darts (atropa)
Press: ? - help, Q - select action, (/) - cycle Shift-Dir - straight line, f/p - Qiqi
Aim: Qiqi (severely wounded, 62% to hit, chance to blind on hit: 40%)
You throw an atropa-tipped dart. The atropa-tipped dart hits Qiqi!!
Qiqi resists.
Qiqi is severely wounded.
You impale Qiqi!! Your headbutt misses Qiqi.
Qiqi is almost dead.
Qiqi blinks!
You rampage towards Qiqi!
Qiqi gestures at you. The bolt of fire misses you.
You see here an atropa-tipped dart.
You rampage towards Qiqi!
You skewer Qiqi like a kebab!!!
You kill Qiqi!
Okawaru is honoured by your kill.
Your base Long Blades skill increases to level 6!
Your base Axes skill increases to level 6!
Your base Staves skill increases to level 6!
Your Shields skill increases to level 8!
Unknown command.
There is an open door here.
t - 5 atropa-tipped darts (gained 1)
T - a silver javelin You see here the -3 buckler "Maqos" {rPois Str+3 Int+4}.
You see here a +3 scythe of protection.
There is an open door to the Dungeon, spattered with blood here.
You see here a +0 whip.
t - 6 atropa-tipped darts (gained 1)
There is a staircase leading out of the dungeon here.
You start resting.
You start resting.
HP restored.
You can't go down here!
You have escaped!

▓▓▓▓▓▓▓▓▓▓▓▓▓▓▓▓▓▓
▓@▓...▓...▓...▓...
▓.▓.▓.▓.▓.▓.▓.▓.▓.
▓.▓.▓.▓.▓.▓.▓.▓.▓.
▓.▓.▓.▓.▓.▓.▓.▓.▓.
▓)▓.▓.▓.▓.▓.▓.▓.▓.
▓)▓.▓.▓.▓.▓.▓.▓.▓.
▓[▓.▓.▓.▓.▓.▓.▓)▓.
▓.▓.▓'▓.▓.▓.▓.▓.▓.
▓.▓.▓.▓.▓.▓.▓.▓.▓.


There were no monsters in sight!

Vanquished Creatures
  the Royal Jelly (D)
  A seraph (D)
  4 ancient liches (D)
  2 orbs of fire (D)
  Mennas (D)
  Mara (D)
  A juggernaut (D)
  Boris (D)
  9 royal mummies (D)
  3 Killer Klowns (D)
  Saint Roka (D)
  2 golden dragons (D)
  Jory (D)
  3 bone dragons (D)
  5 pandemonium lords (D)
  A Tzitzimitl (D)
  2 electric golems (D)
  2 tentacled monstrosities (D)
  5 liches (D)
  2 Hell Sentinels (D)
  33 Orb Guardians (D)
  4 deep elf blademasters (D)
  11 acid blobs (D)
  A quicksilver dragon (D)
  2 deep elf master archers (D)
  3 death cobs (D)
  13 sphinxes (D)
  An Executioner (D)
  9 shadow dragons (D)
  4 tengu reavers (D)
  4 storm dragons (D)
  A demonspawn warmonger (D)
  3 draconian monks (D)
  2 rockslimes (D)
  Ilsuiw (D)
  5 azure jellies (D)
  A fire giant (D)
  4 nagarajas (D)
  2 draconian knights (D)
  4 vault wardens (D)
  A deep elf sorcerer (D)
  3 emperor scorpions (D)
  2 draconian scorchers (D)
  Louise (D)
  2 ghost moths (D)
  An iron dragon (D)
  A ghost moth (shapeshifter) (D)
  A draconian stormcaller (D)
  3 angels (D)
  5 ironbound preservers (D)
  An ironbound thunderhulk (D)
  3 reapers (D)
  A stone giant (D)
  A quicksilver ooze (D)
  5 very ugly things (D)
  3 green draconians (D)
  9 vampire knights (D)
  Nessos (D)
  A draconian annihilator (D)
  2 eleionomae (D)
  3 white draconians (D)
  3 lorocyprocas (D)
  4 yellow draconians (D)
  An entropy weaver (D)
  A dire elephant (D)
  Azrael (D)
  A red draconian (D)
  7 purple draconians (D)
  2 mummy priests (D)
  4 merfolk javelineers (D)
  4 merfolk impalers (D)
  2 ettins (D)
  4 deep elf high priests (D)
  3 deep elf death magi (D)
  5 fire dragons (D)
  2 green deaths (D)
  Erolcha (D)
  4 great orbs of eyes (D)
  9 hydras (D)
  3 boulder beetles (D)
  2 peacekeepers (D)
  3 naga warriors (D)
  2 rakshasas (D)
  25 vault guards (D)
  4 ice dragons (D)
  2 ironbound frosthearts (D)
  2 spriggan air magi (D)
  A centaur warrior (D)
  Erica (D)
  5 ogre magi (D)
  3 tengu warriors (D)
  2 deep troll shamans (D)
  4 merfolk aquamancers (D)
  2 anacondas (D)
  2 alligators (D)
  A spriggan berserker (D)
  2 soul eaters (D)
  2 naga sharpshooters (D)
  Nergalle (D)
  An iron troll (D)
  A sixfirhy (D)
  2 pharaoh ants (D)
  A sea snake (D)
  A deep troll (shapeshifter) (D)
  4 spriggan druids (D)
  2 shadow demons (D)
  4 deep trolls (D)
  An orb spider (D)
  4 glowing orange brains (D)
  3 ironbound convokers (D)
  5 swamp dragons (D)
  2 wizards (D)
  A steelbarb worm (shapeshifter) (D)
  7 lindwurms (D)
  An orc sorcerer (D)
  3 ugly things (D)
  A mana viper (shapeshifter) (D)
  4 orc knights (D)
  5 manticores (D)
  3 wolf spiders (D)
  2 cyclopes (D)
  11 moths of wrath (D)
  3 vault sentinels (D)
  A smoke demon (D)
  Maurice (D)
  3 guardian serpents (D)
  3 naga magi (D)
  2 rust devils (D)
  A black mamba (D)
  A torpor snail (D)
  An orange demon (D)
  Psyche (D)
  3 cane toads (D)
  A yaktaur (D)
  An efreet (D)
  A rime drake (D)
  5 demonic crawlers (D)
  A komodo dragon (D)
  A tengu conjurer (D)
  2 tormentors (D)
  17 guardian mummies (D)
  4 merfolk (D)
  A red devil (D)
  4 trolls (D)
  A tarantella (D)
  A tyrant leech (D)
  A slime creature (D)
  A snapping turtle (D)
  2 jumping spiders (D)
  A yak (D)
  A shadow (D)
  11 spriggans (D)
  A ynoxinul (D)
  A water elemental (D)
  2 fire elementals (D)
  2 golden eyes (D)
  2 chaos spawn (D)
  2 redbacks (D)
  4 nagas (D)
  4 large abominations (D)
  3 acid dragons (D)
  A floating eye (D)
  5 water moccasins (D)
  3 hell hounds (D)
  12 orc warriors (D)
  A swamp drake (D)
  2 ogres (D)
  A centaur (D)
  A kobold brigand (D)
  5 bullfrogs (D)
  A scorpion (D)
  A howler monkey (D)
  3 orc priests (D)
  4 orc wizards (D)
  A worm (D)
  10 orcs (D)
  A ball python (D)
  A bat skeleton (D)
  A bat zombie (D)
  An endoplasm (D)
  A jackal (D)
  A kobold (D)
  A quokka (D)
  A ball python skeleton (D)
559 creatures vanquished.

Vanquished Creatures (others)
  A Killer Klown (D)
  A lich (D)
  A draconian shifter (D)
  An orange demon (D)
  A bloated husk (D)
5 creatures vanquished.

Grand Total: 564 creatures vanquished

Notes
Turn   | Place    | Note
-------+----------+-------------------------------------------
     0 | D        | 123456 the Minotaur Fighter began the quest for the Orb.
     0 | D        | Reached XP level 1. HP: 19/19 MP: 0/0
     8 | D        | Reached skill level 1 in Dodging
    18 | D        | Noticed a scorpion
    25 | D        | Killed a scorpion
    26 | D        | Reached skill level 5 in Maces & Flails
    26 | D        | Reached skill level 5 in Armour
    26 | D        | Reached XP level 2. HP: 25/31 MP: 1/1
    26 | D        | Reached XP level 3. HP: 31/38 MP: 2/2
    29 | D        | Reached XP level 4. HP: 37/45 MP: 3/3
    85 | D        | Found a snail-covered altar of Cheibriados.
    85 | D        | Found a shadowy altar of Dithmenos.
    85 | D        | Found a white marble altar of Elyvilon.
    85 | D        | Found a blossoming altar of Fedhas.
    85 | D        | Found an opulent altar of Gozag.
    86 | D        | Found a hazy altar of Hepliaklqana.
    87 | D        | Found a viscous altar of Jiyva.
    88 | D        | Found an ancient bone altar of Kikubaaqudgha.
    89 | D        | Found a corrupted altar of Lugonu.
    90 | D        | Found a burning altar of Makhleb.
    91 | D        | Found a sparkling altar of Nemelex Xobeh.
    92 | D        | Found an iron altar of Okawaru.
    93 | D        | Found a stormy altar of Qazlal.
    94 | D        | Found a sacrificial altar of Ru.
    95 | D        | Found a shimmering blue altar of Sif Muna.
    96 | D        | Found a bloodstained altar of Trog.
    97 | D        | Found a hide-covered altar of Uskayaw.
    98 | D        | Found a radiant altar of Vehumet.
    99 | D        | Found an ornate altar of the Wu Jian Council.
   100 | D        | Found a shimmering altar of Xom.
   104 | D        | Became a worshipper of Warmaster Okawaru
   112 | D        | Found a basalt altar of Yredelemnul.
   113 | D        | Found a glowing silver altar of Zin.
   114 | D        | Found a glowing golden altar of the Shining One.
   162 | D        | Noticed an acid dragon
   162 | D        | Noticed a centaur
   162 | D        | Noticed a shadow
   162 | D        | Noticed a kobold brigand
   162 | D        | Noticed a troll
   162 | D        | Noticed an orc warrior
   167 | D        | Killed an acid dragon
   168 | D        | Reached XP level 5. HP: 36/55 MP: 4/4
   169 | D        | Killed a centaur
   170 | D        | Reached skill level 5 in Dodging
   173 | D        | Killed a shadow
   173 | D        | Reached * piety under Okawaru
   174 | D        | Reached skill level 10 in Fighting
   174 | D        | Reached skill level 10 in Maces & Flails
   174 | D        | Reached XP level 6. HP: 39/67 MP: 5/5
   183 | D        | Killed a troll
   184 | D        | Reached XP level 7. HP: 32/75 MP: 6/6
   190 | D        | Reached ** piety under Okawaru
   426 | D        | Noticed a red ugly thing
   426 | D        | Noticed a cyclops
   426 | D        | Noticed a slime creature
   426 | D        | Noticed a brown ugly thing
   426 | D        | Noticed a manticore
   437 | D        | Killed a red ugly thing
   437 | D        | Reached *** piety under Okawaru
   438 | D        | Reached XP level 8. HP: 31/85 MP: 7/7
   444 | D        | Killed a cyclops
   445 | D        | Reached skill level 10 in Armour
   448 | D        | Killed a slime creature
   453 | D        | HP: 3/89 [acid (8)]
   466 | D        | Killed a brown ugly thing
   466 | D        | Reached **** piety under Okawaru
   467 | D        | Reached XP level 9. HP: 38/96 MP: 8/8
   471 | D        | Killed a manticore
   471 | D        | Reached ***** piety under Okawaru
   472 | D        | Reached skill level 15 in Fighting
   478 | D        | Reached skill level 15 in Maces & Flails
   832 | D        | Gained mutation: You expend magic power (3 MP) to
                  | strengthen your wands. [potion of mutation]
   832 | D        | Gained mutation: You sometimes lose the ability to read
                  | scrolls when taking damage. [potion of mutation]
   832 | D        | Gained mutation: You have large cloven feet. [potion of
                  | mutation]
   833 | D        | Noticed a komodo dragon
   833 | D        | Noticed a six-headed hydra
   833 | D        | Noticed a seven-headed hydra
   836 | D        | Killed a komodo dragon
   837 | D        | Noticed a rime drake
   838 | D        | Killed a six-headed hydra
   839 | D        | Reached skill level 10 in Dodging
   846 | D        | Killed a seven-headed hydra
   846 | D        | Identified the +1 hat of Follow the Leader {Rampage}
                  | (Okawaru gifted it to you in the Dungeon)
   846 | D        | Received a gift from Okawaru
   847 | D        | Reached XP level 10. HP: 108/108 MP: 9/9
   945 | D        | Noticed a cane toad
   945 | D        | Noticed a cane toad
   945 | D        | Noticed a cane toad
   948 | D        | Killed a cane toad
   951 | D        | Killed a cane toad
   955 | D        | Killed a cane toad
   998 | D        | Noticed a lindwurm
   998 | D        | Noticed a lindwurm
   998 | D        | Noticed a lindwurm
   998 | D        | Noticed a lindwurm
   998 | D        | Noticed a lindwurm
   999 | D        | Noticed a lindwurm
  1004 | D        | Killed a lindwurm
  1008 | D        | Killed a lindwurm
  1012 | D        | Killed a lindwurm
  1015 | D        | Killed a lindwurm
  1016 | D        | Reached XP level 11. HP: 56/121 MP: 10/10
  1017 | D        | Killed a lindwurm
  1019 | D        | Killed a lindwurm
  1023 | D        | Received a gift from Okawaru
  1292 | D        | Noticed Erica
  1299 | D        | Killed Erica
  1320 | D        | Noticed Psyche
  1321 | D        | Noticed Erolcha
  1335 | D        | Killed Psyche
  1346 | D        | Killed Erolcha
  1691 | D        | Noticed an orc knight
  1712 | D        | Killed an orc knight
  1712 | D        | Reached ****** piety under Okawaru
  1895 | D        | Found Soll's Antique Weapon Emporium.
  1895 | D        | Noticed an ogre mage
  1895 | D        | Noticed an ogre mage
  1895 | D        | Noticed an iron troll
  1895 | D        | Noticed a deep troll
  1895 | D        | Noticed a deep troll
  1900 | D        | Killed an ogre mage
  1902 | D        | Noticed a deep troll
  1902 | D        | Received a gift from Okawaru
  1903 | D        | Found Cebetueh's Antique Armour Shoppe.
  1906 | D        | Killed an ogre mage
  1907 | D        | Reached skill level 15 in Armour
  1914 | D        | Killed an iron troll
  1918 | D        | Killed a deep troll
  1919 | D        | Found Luyr's General Store.
  1921 | D        | Killed a deep troll
  1927 | D        | Killed a deep troll
  1928 | D        | Reached XP level 12. HP: 76/136 MP: 11/11
  2112 | D        | Noticed an ogre mage
  2113 | D        | Found Ebbugruk's Armour Shoppe.
  2114 | D        | Noticed an ogre mage
  2118 | D        | Noticed an ogre mage
  2121 | D        | Killed an ogre mage
  2131 | D        | Killed an ogre mage
  2139 | D        | Killed an ogre mage
  2177 | D        | Bought a pair of glowing gloves for 142 gold pieces
  2177 | D        | Bought a translucent plate armour for 532 gold pieces
  2177 | D        | Identified the +1 plate armour of Instinct {rPois} (You
                  | bought it in a shop in the Dungeon)
  2305 | D        | Upgraded the game from 0.29-a0-119-g4040846114 to
                  | 0.29-a0-284-gf9362112df
  2309 | D        | Got the +2 plate armour of Petaxtosa {+Inv Dex+4}
  2435 | D        | Noticed a boulder beetle
  2435 | D        | Noticed a boulder beetle
  2443 | D        | Noticed a tengu warrior
  2444 | D        | Killed a boulder beetle
  2444 | D        | Identified the +4 crystal plate armour of Tartarus {Slay+5
                  | Stlth+} (Okawaru gifted it to you in the Dungeon)
  2444 | D        | Received a gift from Okawaru
  2445 | D        | Reached skill level 1 in Invocations
  2450 | D        | Noticed a tengu warrior
  2453 | D        | Noticed an ice dragon
  2455 | D        | Noticed an ettin
  2458 | D        | Noticed a fire dragon
  2460 | D        | Killed a tengu warrior
  2465 | D        | Noticed a deep troll shaman
  2470 | D        | Killed a tengu warrior
  2480 | D        | Killed an ice dragon
  2481 | D        | Noticed a vampire knight
  2484 | D        | Killed an ettin
  2490 | D        | Killed a fire dragon
  2491 | D        | Reached skill level 15 in Dodging
  2495 | D        | Killed a deep troll shaman
  2502 | D        | Noticed a red very ugly thing
  2503 | D        | Killed a vampire knight
  2505 | D        | Killed a boulder beetle
  2506 | D        | Reached skill level 5 in Invocations
  2532 | D        | Killed a red very ugly thing
  2952 | D        | Noticed an anaconda
  2954 | D        | Reached XP level 13. HP: 148/148 MP: 16/16
  3217 | D        | Noticed an eleionoma
  3227 | D        | Killed an eleionoma
  3229 | D        | Noticed an eleionoma
  3235 | D        | Received a gift from Okawaru
  3248 | D        | Killed an eleionoma
  3569 | D        | Noticed a merfolk impaler
  3589 | D        | Killed a merfolk impaler
  3758 | D        | Noticed an entropy weaver
  3764 | D        | Killed an entropy weaver
  4529 | D        | Noticed Maurice
  4531 | D        | Noticed Saint Roka
  4533 | D        | Killed Maurice
  4551 | D        | Killed Saint Roka
  4831 | D        | Noticed a sphinx
  4831 | D        | Noticed a stone giant
  4831 | D        | Noticed a white very ugly thing
  4831 | D        | Noticed an ettin
  4839 | D        | Killed a sphinx
  4839 | D        | Received a gift from Okawaru
  4840 | D        | Noticed a fire dragon
  4845 | D        | Killed a stone giant
  4846 | D        | Reached XP level 14. HP: 139/162 MP: 11/19
  4846 | D        | Noticed an iron dragon
  4848 | D        | Killed a white very ugly thing
  4864 | D        | Killed an iron dragon
  4871 | D        | Reached skill level 10 in Invocations
  5099 | D        | Noticed an ironbound preserver
  5112 | D        | Killed an ironbound preserver
  5114 | D        | Identified the +2 pair of boots of Articulation {Dex+3}
                  | (Okawaru gifted it to you in the Dungeon)
  5114 | D        | Received a gift from Okawaru
  5116 | D        | Noticed an ironbound preserver
  5126 | D        | Reached skill level 27 in Fighting
  5134 | D        | Reached skill level 27 in Maces & Flails
  5134 | D        | Noticed an ironbound thunderhulk
  5136 | D        | Killed an ironbound preserver
  5142 | D        | Noticed a vault warden
  5150 | D        | Killed an ironbound thunderhulk
  5154 | D        | Noticed a red very ugly thing
  5158 | D        | Killed a vault warden
  5159 | D        | Noticed a vault warden
  5166 | D        | Killed a red very ugly thing
  5168 | D        | Noticed an ironbound preserver
  5180 | D        | Killed a vault warden
  5185 | D        | Killed an ironbound preserver
  5887 | D        | Bought an amulet of regeneration for 300 gold pieces
  6357 | D        | Noticed Boris
  6357 | D        | Noticed Mennas
  6371 | D        | Killed Boris
  6371 | D        | Identified the +3 crystal plate armour of Prudence {Str+4}
                  | (Okawaru gifted it to you in the Dungeon)
  6371 | D        | Received a gift from Okawaru
  6405 | D        | Killed Mennas
  6406 | D        | Reached XP level 15. HP: 48/174 MP: 16/24
  6430 | D        | Lost mutation: You sometimes lose the ability to read
                  | scrolls when taking damage. [potion of mutation]
  6430 | D        | Lost mutation: You expend magic power (3 MP) to strengthen
                  | your wands. [potion of mutation]
  6430 | D        | Lost mutation: You have large cloven feet. [potion of
                  | mutation]
  6430 | D        | Gained mutation: You are partially covered in iridescent
                  | scales. (AC +2) [potion of mutation]
  6430 | D        | Gained mutation: You expend magic power (3 MP) to
                  | strengthen your wands. [potion of mutation]
  6430 | D        | Gained mutation: You are robust. (+10% HP) [potion of
                  | mutation]
  6430 | D        | Gained mutation: You are strong-willed. (Will+) [potion of
                  | mutation]
  6526 | D        | Noticed Nessos
  6528 | D        | Noticed Azrael
  6532 | D        | Killed Nessos
  6538 | D        | Killed Azrael
  6707 | D        | Found the +5 glaive of the Guard {elec, spectral, AC+5}
  6834 | D        | Noticed Mara
  6852 | D        | Noticed 123456's illusion
  6854 | D        | Killed Mara
  6855 | D        | Reached skill level 15 in Invocations
  6967 | D        | Got a decaying rune of Zot
  7038 | D        | Noticed an emperor scorpion
  7038 | D        | Noticed an emperor scorpion
  7045 | D        | Killed an emperor scorpion
  7048 | D        | Killed an emperor scorpion
  7051 | D        | Received a gift from Okawaru
  7068 | D        | Noticed an emperor scorpion
  7180 | D        | Killed an emperor scorpion
  7204 | D        | Got a gossamer rune of Zot
  7294 | D        | Noticed a nagaraja
  7295 | D        | Noticed a nagaraja
  7300 | D        | Killed a nagaraja
  7305 | D        | Noticed a nagaraja
  7315 | D        | Killed a nagaraja
  7317 | D        | Noticed a nagaraja
  7322 | D        | Killed a nagaraja
  7340 | D        | Killed a nagaraja
  7348 | D        | Got a serpentine rune of Zot
  7612 | D        | Noticed Ilsuiw
  7631 | D        | Killed Ilsuiw
  7645 | D        | Identified the +2 quarterstaff "Ojiggi" {flame, rPois rC+
                  | rN+++ Will-} (Okawaru gifted it to you in the Dungeon)
  7645 | D        | Received a gift from Okawaru
  8005 | D        | Got a barnacled rune of Zot
  8074 | D        | Noticed Jory
  8090 | D        | Killed Jory
  8091 | D        | Reached XP level 16. HP: 95/201 MP: 28/28
  8295 | D        | Noticed Nergalle
  8307 | D        | Killed Nergalle
  8329 | D        | Noticed Louise
  8334 | D        | Killed Louise
  8366 | D        | Reached skill level 5 in Throwing
  8393 | D        | Reached skill level 27 in Armour
  8415 | D        | Received a gift from Okawaru
  8417 | D        | Upgraded the game from 0.29-a0-284-gf9362112df to
                  | 0.29-a0-323-g050149af67
  8431 | D        | Reached skill level 10 in Throwing
  8610 | D        | Noticed a tengu reaver
  8623 | D        | Identified the +3 dire flail of Checks and Balances
                  | {vorpal, rPois} (Okawaru gifted it to you in the Dungeon)
  8623 | D        | Received a gift from Okawaru
  8630 | D        | Killed a tengu reaver
  8634 | D        | Noticed a tengu reaver
  8635 | D        | Noticed a shadow dragon
  8638 | D        | Killed a tengu reaver
  8639 | D        | Killed a shadow dragon
  8640 | D        | Noticed a shadow dragon
  8649 | D        | Reached skill level 15 in Throwing
  8655 | D        | Killed a shadow dragon
  8823 | D        | Noticed a shadow dragon
  8823 | D        | Noticed a tengu reaver
  8823 | D        | Noticed an ancient lich
  8823 | D        | Noticed a shadow dragon
  8824 | D        | Noticed an ancient lich
  8835 | D        | Killed an ancient lich
  8835 | D        | Received a gift from Okawaru
  8836 | D        | Noticed a shadow dragon
  8844 | D        | Killed an ancient lich
  8845 | D        | Reached skill level 27 in Dodging
  8845 | D        | Killed a shadow dragon
  8847 | D        | Killed a tengu reaver
  8856 | D        | Killed a shadow dragon
  8858 | D        | Killed a shadow dragon
  8864 | D        | Got a silver rune of Zot
  9068 | D        | Got the ring "Iprumiz" {rC+++ rN+ rCorr Str+2 Dex+4}
  9070 | D        | Got the ring of Charity {rC++ Will+ rCorr Str+3 Dex-2}
  9095 | D        | Got the ring of the Leaping Coward {rPois Will++ Str+3
                  | Dex+3}
  9097 | D        | Got the ring of Archoazo {Fire Fly Str-2 Dex+2 SInv Stlth+}
  9102 | D        | Got the ring "Douwkiu" {rC+ Will- Dex+4 SInv}
  9263 | D        | Noticed a storm dragon
  9263 | D        | Noticed a lich
  9263 | D        | Noticed a lich
  9263 | D        | Noticed a juggernaut
  9266 | D        | Killed a lich
  9267 | D        | Reached XP level 17. HP: 210/210 MP: 31/31
  9269 | D        | Identified the -7 kite shield of Xetweog {Will+++} (Okawaru
                  | gifted it to you in the Dungeon)
  9269 | D        | Received a gift from Okawaru
  9272 | D        | Killed a lich
  9275 | D        | Killed a juggernaut
  9292 | D        | Reached skill level 5 in Stealth
  9416 | D        | Noticed a golden dragon
  9416 | D        | Noticed a bone dragon
  9416 | D        | Noticed a bone dragon
  9419 | D        | Noticed a bone dragon
  9428 | D        | Killed a bone dragon
  9428 | D        | Killed a golden dragon
  9433 | D        | Killed a bone dragon
  9437 | D        | Killed a bone dragon
  9577 | D        | Noticed a tentacled monstrosity
  9581 | D        | Killed a tentacled monstrosity
  9685 | D        | Received a gift from Okawaru
  9686 | D        | Reached skill level 10 in Stealth
  9710 | D        | Noticed a tentacled monstrosity
  9712 | D        | Killed a tentacled monstrosity
  9714 | D        | Reached skill level 27 in Invocations
  9861 | D        | Noticed an Orb Guardian
  9861 | D        | Noticed an Orb Guardian
  9861 | D        | Noticed an Orb Guardian
  9861 | D        | Noticed an Orb Guardian
  9861 | D        | Noticed an Orb Guardian
  9861 | D        | Noticed an Orb Guardian
  9863 | D        | Killed an Orb Guardian
  9863 | D        | Killed an Orb Guardian
  9863 | D        | Noticed an Orb Guardian
  9864 | D        | Killed an Orb Guardian
  9864 | D        | Killed an Orb Guardian
  9864 | D        | Killed an Orb Guardian
  9865 | D        | Killed an Orb Guardian
  9865 | D        | Received a gift from Okawaru
  9866 | D        | Noticed an Orb Guardian
  9867 | D        | Killed an Orb Guardian
  9868 | D        | Noticed an Orb Guardian
  9868 | D        | Noticed an Orb Guardian
  9873 | D        | Killed an Orb Guardian
  9874 | D        | Reached XP level 18. HP: 220/220 MP: 34/34
  9877 | D        | Killed an Orb Guardian
  9882 | D        | Killed an Orb Guardian
  9903 | D        | Noticed an Orb Guardian
  9903 | D        | Noticed an Orb Guardian
  9912 | D        | Noticed an Orb Guardian
  9915 | D        | Killed an Orb Guardian
  9915 | D        | Noticed an Orb Guardian
  9921 | D        | Killed an Orb Guardian
  9921 | D        | Killed an Orb Guardian
  9922 | D        | Reached skill level 27 in Throwing
  9922 | D        | Reached skill level 15 in Stealth
  9922 | D        | Killed an Orb Guardian
 10074 | D        | Noticed an ancient lich
 10079 | D        | Killed an ancient lich
 10079 | D        | Identified the +2 robe of Xelif {rN+ Regen+ Int-4} (Okawaru
                  | gifted it to you in the Dungeon)
 10079 | D        | Received a gift from Okawaru
 10257 | D        | Noticed an orb of fire
 10265 | D        | Killed an orb of fire
 10300 | D        | Noticed an electric golem
 10302 | D        | Killed an electric golem
 10429 | D        | Noticed a Killer Klown
 10429 | D        | Noticed a Killer Klown
 10429 | D        | Noticed a Killer Klown
 10431 | D        | Killed a Killer Klown
 10436 | D        | Noticed an orb of fire
 10436 | D        | Killed a Killer Klown
 10439 | D        | Noticed a golden dragon
 10440 | D        | Killed a Killer Klown
 10444 | D        | Gained mutation: You have a somewhat thin skeletal
                  | structure. (Dex +2, Stealth+) [an orb of fire]
 10448 | D        | Killed an orb of fire
 10448 | D        | Killed a golden dragon
 10453 | D        | Noticed an electric golem
 10461 | D        | Killed an electric golem
 10468 | D        | Noticed a Killer Klown
 10792 | D        | Killed a Killer Klown
 10925 | D        | Noticed an Orb Guardian
 10925 | D        | Noticed an Orb Guardian
 10925 | D        | Noticed an Orb Guardian
 10925 | D        | Noticed an Orb Guardian
 10925 | D        | Noticed an Orb Guardian
 10925 | D        | Noticed an Orb Guardian
 10926 | D        | Killed an Orb Guardian
 10926 | D        | Killed an Orb Guardian
 10927 | D        | Killed an Orb Guardian
 10931 | D        | Killed an Orb Guardian
 10931 | D        | Noticed an Orb Guardian
 10937 | D        | Killed an Orb Guardian
 10938 | D        | Killed an Orb Guardian
 10940 | D        | Received a gift from Okawaru
 10944 | D        | Killed an Orb Guardian
 10952 | D        | Noticed an Orb Guardian
 10953 | D        | Noticed an Orb Guardian
 10953 | D        | Noticed an Orb Guardian
 10954 | D        | Noticed an Orb Guardian
 10955 | D        | Noticed an Orb Guardian
 10957 | D        | Killed an Orb Guardian
 10958 | D        | Killed an Orb Guardian
 10958 | D        | Received a gift from Okawaru
 10959 | D        | Reached skill level 27 in Stealth
 10959 | D        | Killed an Orb Guardian
 10959 | D        | Killed an Orb Guardian
 10960 | D        | Reached skill level 1 in Evocations
 10960 | D        | Killed an Orb Guardian
 11061 | D        | Noticed a lich
 11063 | D        | Killed a lich
 11063 | D        | Received a gift from Okawaru
 11066 | D        | Noticed a lich
 11067 | D        | Noticed a lich
 11069 | D        | Killed a lich
 11070 | D        | Reached XP level 19. HP: 227/227 MP: 35/35
 11084 | D        | Reached skill level 15 in Unarmed Combat
 14444 | D        | Got an elven rune of Zot
 14607 | D        | Reached skill level 5 in Evocations
 14612 | D        | Noticed the Royal Jelly
 14620 | D        | Killed the Royal Jelly
 14631 | D        | Paralysed by a floating eye for 4 turns
 14632 | D        | Reached skill level 27 in Unarmed Combat
 14645 | D        | Got a slimy rune of Zot
 14810 | D        | Received a gift from Okawaru
 14836 | D        | Received a gift from Okawaru
 14837 | D        | Reached skill level 15 in Evocations
 14921 | D        | Noticed a royal mummy
 14921 | D        | Noticed a royal mummy
 14921 | D        | Noticed a royal mummy
 14925 | D        | Killed a royal mummy
 14926 | D        | Killed a royal mummy
 14927 | D        | Killed a royal mummy
 15021 | D        | Noticed a royal mummy
 15021 | D        | Noticed a royal mummy
 15021 | D        | Noticed a royal mummy
 15021 | D        | Noticed a royal mummy
 15024 | D        | Noticed a royal mummy
 15028 | D        | Noticed a royal mummy
 15035 | D        | Killed a royal mummy
 15162 | D        | Killed a royal mummy
 15162 | D        | Received a gift from Okawaru
 15163 | D        | Reached XP level 20. HP: 116/237 MP: 36/36
 15201 | D        | Killed a royal mummy
 15313 | D        | Killed a royal mummy
 15520 | D        | Killed a royal mummy
 15530 | D        | Killed a royal mummy
 15896 | D        | Got a golden rune of Zot
 16153 | D        | Got the Orb of Zot
 16838 | D        | Noticed a seraph
 16842 | D        | Killed a seraph
 16848 | D        | Reached skill level 27 in Evocations
 16856 | D        | Reached skill level 1 in Short Blades
 16856 | D        | Reached skill level 1 in Long Blades
 16856 | D        | Reached skill level 1 in Axes
 16856 | D        | Reached skill level 1 in Polearms
 16856 | D        | Reached skill level 1 in Staves
 16856 | D        | Reached skill level 1 in Slings
 16856 | D        | Reached skill level 1 in Bows
 16856 | D        | Reached skill level 1 in Crossbows
 16888 | D        | Reached skill level 1 in Transmutations
 16888 | D        | Reached skill level 1 in Earth Magic
 16888 | D        | Reached skill level 1 in Poison Magic
 16899 | D        | Reached skill level 1 in Conjurations
 16899 | D        | Reached skill level 1 in Summonings
 16899 | D        | Reached skill level 1 in Necromancy
 16899 | D        | Reached skill level 1 in Translocations
 16899 | D        | Reached skill level 1 in Fire Magic
 16899 | D        | Reached skill level 1 in Ice Magic
 16899 | D        | Reached skill level 1 in Air Magic
 17050 | D        | Reached skill level 1 in Spellcasting
 17050 | D        | Reached skill level 1 in Hexes
 17490 | D        | Reached skill level 5 in Shields
 17575 | D        | Noticed Galotael the pandemonium lord
 17587 | D        | Killed Galotael the pandemonium lord
 17616 | D        | Identified the +6 arbalest "Minotaur's Doom" {vorpal, rPois
                  | rF- Str+5} (Okawaru gifted it to you in the Dungeon)
 17616 | D        | Received a gift from Okawaru
 17838 | D        | Noticed Hinniray the pandemonium lord
 18046 | D        | Killed Hinniray the pandemonium lord
 18047 | D        | Reached skill level 5 in Short Blades
 18047 | D        | Reached skill level 5 in Crossbows
 18224 | D        | Noticed Beguej the pandemonium lord
 18224 | D        | Noticed an ancient lich
 18226 | D        | Reached skill level 5 in Polearms
 18226 | D        | Reached skill level 5 in Bows
 18232 | D        | Killed an ancient lich
 18233 | D        | Reached skill level 5 in Long Blades
 18233 | D        | Reached skill level 5 in Axes
 18233 | D        | Reached skill level 5 in Staves
 18243 | D        | Killed Beguej the pandemonium lord
 18244 | D        | Reached skill level 5 in Slings
 19168 | D        | Noticed Goamotoli the pandemonium lord
 19181 | D        | Identified the -3 buckler "Maqos" {rPois Str+3 Int+4}
                  | (Okawaru gifted it to you in the Dungeon)
 19181 | D        | Received a gift from Okawaru
 19192 | D        | Killed Goamotoli the pandemonium lord
 19533 | D        | Noticed Qiqi the pandemonium lord
 19561 | D        | Killed Qiqi the pandemonium lord
 19680 | D        | Escaped with the Orb!

Illustrated notes

Levels and vault maps discovered:
D:        linesprint [early_d, line_temple, items_1, d_10, items_2, lair_1,
          lair_end, items_3, orc_1, orc_end, items_4, d_15, swamp_1, shoals_1,
          snake_1, spider_1, d_20, vaults_1, items_5, swamp_end, shoals_end,
          snake_end, spider_end, vaults_end, d_27, items_6, zot_1, zot_end,
          crypt_end, forest_end, elf_end, slime_end, tomb_end, abyss_end,
          pan_hell_end]

Skill      XL: |  1  2  3  4  5  6  7  8  9 10 11 12 13 14 15 16 17 18 19 20 |
---------------+-------------------------------------------------------------+-----
Fighting       | 6 8 10 11 12 14 16 18 21 23 25 27 | 27.0
Maces & Flails | 5 7 10 11 12 14 16 18 20 23 25 27 | 27.0
Dodging        | 3 4 6 7 8 9 10 12 13 15 17 20 24 27 | 27.0
Armour         | 5 6 7 8 9 10 12 13 15 17 19 22 26 27 | 27.0
Invocations    | 5 9 14 19 23 27 | 27.0
Throwing       | 3 19 26 27 | 27.0
Stealth        | 2 13 27 | 27.0
Unarmed Combat | 13 27 | 27.0
Evocations     | 2 21 27 | 27.0
Short Blades   | 6 |  6.3
Long Blades    | 6 |  6.1
Axes           | 6 |  6.1
Polearms       | 6 |  6.2
Staves         | 6 |  6.1
Slings         | 5 |  5.7
Bows           | 6 |  6.3
Crossbows      | 6 |  6.3
Shields        | 8 |  8.0
Transmutations | 4 |  4.7
Earth Magic    | 4 |  4.8
Poison Magic   | 4 |  4.3
Conjurations   | 4 |  4.4
Summonings     | 4 |  4.3
Necromancy     | 4 |  4.3
Translocations | 4 |  4.3
Fire Magic     | 4 |  4.3
Ice Magic      | 4 |  4.3
Air Magic      | 4 |  4.3
Spellcasting   | 3 |  3.9
Hexes          | 3 |  3.9

Action                   |  1- 3 |  4- 6 |  7- 9 | 10-12 | 13-15 | 16-18 | 19-21 || total
-------------------------+-------+-------+-------+-------+-------+-------+-------++-------
Melee: Flail             |    17 |       |       |       |       |       |       ||    17
       Headbutt          |     1 |     6 |    15 |    55 |   167 |    85 |   123 ||   452
       Dire flail        |       |    21 |    66 |   269 |   586 |   312 |   393 ||  1647
       Kick              |       |       |     3 |    21 |       |       |       ||    24
       Unarmed           |       |       |       |    11 |       |    26 |       ||    37
Throw: Javelin           |       |       |       |       |     4 |    89 |    45 ||   138
       Dart              |       |       |       |       |       |     5 |    15 ||    20
Invok: Heroism           |       |       |       |       |     7 |       |       ||     7
       Finesse           |       |       |       |       |     5 |       |       ||     5
Evoke: Wand              |       |       |     1 |       |     3 |       |     1 ||     5
  Use: Potion            |       |       |     3 |       |    11 |     1 |     9 ||    24
       Scroll            |       |       |     4 |     4 |     3 |     4 |     1 ||    16
 Stab: Invisible         |       |       |       |       |       |     3 |     4 ||     7
       Distracted        |       |       |       |       |       |     1 |     5 ||     6
       Sleeping          |       |       |       |       |       |       |     1 ||     1
Armor: Scale mail        |     7 |       |       |       |       |       |       ||     7
       Plate armour      |       |     8 |    15 |    55 |       |       |       ||    78
       Skin              |       |       |       |     2 |       |     1 |       ||     3
       Crystal plate arm |       |       |       |     1 |   236 |   126 |   120 ||   483
Dodge: Dodged            |     7 |     8 |    27 |   112 |   209 |   150 |   213 ||   726
Block: Buckler           |     3 |       |       |       |       |       |       ||     3
       Other             |       |       |       |    28 |    25 |       |       ||    53
       Reflection        |       |       |       |     1 |     1 |       |       ||     2

Table legend: (Time is in decaauts) A = Elapsed time spent in this place. B = Non-inter-level travel time spent in this place. C = Inter-level travel time spent in this place. D = Time resting spent in this place. E = Time spent auto-exploring this place. F = Levels seen in this place. G = Mean time per level. A B C D E F G +--------+--------+--------+--------+--------+-----+--------+ Total | 18936 | 15136 | 3800 | 7741 | 4233 | 1 | 18936.0 | Dungeon | 18936 | 15136 | 3800 | 7741 | 4233 | 1 | 18936.0 | +--------+--------+--------+--------+--------+-----+--------+

Top non-repeatable levels by time:
       D: 18936 daAuts
